 Dungeon Crawl Stone Soup version 0.28.0-53-g5a82cb258f (webtiles) character file.

Game seed: 1993628907190932377

7038 dreevild the Thaumaturge (level 10, -12/66 HPs)
             Began as a Spriggan Venom Mage on July 5, 2022.
             Was a Follower of Vehumet.
             Mangled by a cane toad (16 damage)
             ... on level 2 of the Lair of Beasts.
             The game lasted 01:09:08 (13766 turns).

dreevild the Thaumaturge (Spriggan Venom Mage)     Turns: 13766, Time: 01:09:12

Health: -12/66     AC: 25    Str:  4    XL:     10   Next: 83%
Magic:  26/28      EV:  4    Int: 21    God:    Vehumet [*.....]
Gold:   507        SH:  0    Dex: 22    Spells: 22/36 levels left

rFire   . . .      SeeInvis +   (weapon restricted)
rCold   . . .      Faith    .   (no shield)
rNeg    . . .      Spirit   .   (armour currently unavailable)
rPois   +          Reflect  .   (helmet currently unavailable)
rElec   .          Harm     .   (cloak currently unavailable)
rCorr   .          Rampage  .   (gloves unavailable)
Will    +....      NoTele   +   (boots unavailable)
Stlth   +++.......              x - amulet of regeneration
HPRegen 1.01/turn               l - +6 ring of dexterity
MPRegen 0.21/turn               (no ring)

@: lethally poisoned (-12 -> -18), tree-form
A: stationary, stasis, torment immunity, boosted hp, very small, no large
weapons, unfitting armour, see invisible, (speed 3)
a: Renounce Religion


You were on level 2 of the Lair of Beasts.
You worshipped Vehumet.
Vehumet was aware of your devotion.
You were a tree.
You visited 3 branches of the dungeon, and saw 12 of its levels.

You collected 507 gold pieces.

Inventory:

Missiles
 o - 3 throwing nets
Armour
 i - a +0 cloak (melded)
 q - +0 steam dragon scales (melded)
Magical Staves
 v - a staff of earth
Jewellery
 l - a +6 ring of dexterity (left branch)
 x - an amulet of regeneration (around neck)
 z - an amulet of reflection
 A - an amulet of the acrobat
Wands
 w - a wand of flame (6) (quivered)
 D - a wand of paralysis (5)
Scrolls
 b - a scroll of amnesia
 c - a scroll of teleportation
 d - a scroll of summoning {unknown}
 e - 4 scrolls of identify
 f - a scroll of immolation {unknown}
 h - a scroll of fog {unknown}
 k - 2 scrolls of blinking
 m - a scroll of acquirement {unknown}
 p - a scroll of enchant armour {unknown}
 s - a scroll of silence {unknown}
 t - a scroll of fear {unknown}
 y - a scroll of magic mapping {unknown}
Potions
 a - 5 potions of brilliance
 g - 4 potions of might
 j - a potion of heal wounds {unknown}
 n - a potion of attraction {unknown}
 r - a potion of ambrosia {unknown}
 u - 2 potions of lignification
 B - 2 potions of haste
 C - a potion of flight {unknown}


   Skills:
 - Level 0.2 Fighting
 + Level 7.1 Dodging
 - Level 3.0 Stealth
 + Level 13.5 Spellcasting
 + Level 2.3 Conjurations
 - Level 3.7 Hexes
 - Level 5.5 Transmutations
 + Level 3.5 Air Magic
 + Level 8.7 Poison Magic
 - Level 2.0 Evocations


You had 22 spell levels left.
You knew the following spells:

 Your Spells              Type           Power      Damage    Failure   Level
a - Sting                 Tmut/Pois      100%       1d8       1%          1
b - Poisonous Vapours     Pois/Air       78%        N/A       1%          2
c - Olgreb's Toxic Radia  Pois           50%        N/A       1%          4
d - Mephitic Cloud        Conj/Pois/Air  34%        N/A       1%          3
e - Tukima's Dance        Hex            29%        N/A       3%          3
f - Freeze                Ice            56%        1d7       4%          1

Your spell library contained the following spells:

 Spells                   Type           Power      Damage    Failure   Level
 Anguish                  Hex/Necr       11%        N/A       22%         4
 Animate Dead             Necr           7%         N/A       41%         4
 Enfeeble                 Hex            14%        N/A       100%        7
 Haunt                    Necr/Summ      7%         N/A       100%        7
 Infestation              Necr           7%         N/A       100%        8


Dungeon Overview and Level Annotations

Branches:
Dungeon (9/15)             Temple (1/1) D:7            Lair (2/6) D:8
  Swamp: Lair:2-4    Shoals: Lair:2-4     Snake: Lair:2-4    Spider: Lair:2-4
    Orc: D:9-12

Altars:
Ashenzari
Gozag
Hepliaklqana
Kikubaaqudgha
Makhleb
Nemelex Xobeh
Qazlal
Sif Muna
Uskayaw
Vehumet
Wu Jian
Xom
Yredelemnul
Zin

Shops:
D:5 =


Innate Abilities, Weirdness & Mutations

You are a tree.
Your roots penetrate the ground, keeping you stationary.
You cannot be teleported.
You are immune to unholy pain and torment.
Your maximum health is greatly increased.
Your equipment is partially melded.
You are very small and have problems with some larger weapons.
You are too small for most types of armour.
You have supernaturally acute eyesight. (SInv)
((You cover ground extremely quickly. (Speed+++)))


Message History

Confirm with . or Enter, or press ? or * to list all spells.
Aiming: Freeze (safe; 4% risk of failure)
Press: ? - help, Shift-Dir - straight line, f/p - cane toad
Aim: a cane toad (lightly wounded, poisoned)
You freeze the cane toad.
The cane toad is lightly wounded.
The cane toad stings you.
You are poisoned.
The cane toad poisons you!
Casting: Freeze (safe; 4% risk of failure)
Confirm with . or Enter, or press ? or * to list all spells.
Aiming: Freeze (safe; 4% risk of failure)
Press: ? - help, Shift-Dir - straight line, f/p - cane toad
Aim: a cane toad (moderately wounded, poisoned)
You freeze the cane toad.
The cane toad is moderately wounded.
You feel very sick. The cane toad stings you!
You are lethally poisoned!
The cane toad poisons you!
As you read the scroll of teleportation, it crumbles to dust.
You feel strangely unstable.
You feel very sick. The cane toad stings you.
* * * LOW HITPOINT WARNING * * *
* * * LOW HITPOINT WARNING * * *
You feel very sick.
* * * LOW HITPOINT WARNING * * *
You feel very sick.
You hear the slow rumble of a distant avalanche of rocks.
* * * LOW HITPOINT WARNING * * *
You feel sick.
The cane toad looks more healthy.
It was a potion of lignification.
You turn into a tree.
Your +0 cloak melds into your body.
Your +0 steam dragon scales melds into your body.
Your roots penetrate the ground.
You feel strangely stable.
* * * LOW HITPOINT WARNING * * *
You feel very sick. The cane toad stings you!
You die...

## ##.#
####...###
##........######
...........##..#
............##.##
S...>.<.....#...#
............#.###
..........F♣..#
#........<...##
.#............#
##......###..#
##.#...# #..P..
####### P.....
#...... .......


You could see a cane toad.

Vanquished Creatures
  Harold (D:8)
  Sonja (D:8)
  2 cane toads (Lair:1)
  Maggie (D:7)
  2 komodo dragons (Lair:1)
  A troll (D:9)
  Prince Ribbit (D:7)
  Sigmund (D:4)
  A wyvern (D:8)
  A yak (D:8)
  A steam dragon (D:8)
  2 basilisks (D:8)
  3 water moccasins
  Duvessa (D:7)
  4 ice beasts
  2 orc warriors
  A black bear (Lair:2)
  3 ogres
  2 centaurs (D:6)
  A phantom (D:5)
  4 kobold brigands
  6 bullfrogs
  2 scorpions
  A water moccasin skeleton (D:5)
  Dowan (D:7)
  5 killer bees (D:7)
  2 howler monkeys
  A jelly (D:6)
  A centaur skeleton (D:5)
  A hound (D:6)
  4 iguanas
  3 orc wizards
  3 gnolls (D:6)
  6 adders
  A white imp (D:5)
  An ufetubus (D:4)
  An adder skeleton (D:4)
  A worm (D:2)
  A dart slug (D:1)
  12 orcs
  4 ball pythons
  8 endoplasms
  3 giant cockroaches
  9 goblins
  10 hobgoblins
  7 jackals
  4 quokkas
  4 bats
  6 frilled lizards
  23 kobolds
  11 rats
178 creatures vanquished.

Vanquished Creatures (others)
  A howler monkey zombie (D:6)
  5 fungi
  10 plants
16 creatures vanquished.

Grand Total: 194 creatures vanquished

Notes
Turn   | Place    | Note
-------+----------+-------------------------------------------
     0 | D:1      | dreevild the Spriggan Venom Mage began the quest for the
                  | Orb.
     0 | D:1      | Reached XP level 1. HP: 9/9 MP: 5/5
   245 | D:1      | Reached skill level 3 in Spellcasting
   251 | D:1      | Reached XP level 2. HP: 13/13 MP: 2/7
   254 | D:1      | Learned a level 2 spell: Poisonous Vapours
   687 | D:1      | Found a faded altar of an unknown god.
  1481 | D:1      | Reached XP level 3. HP: 16/16 MP: 3/8
  1850 | D:2      | Found a basalt altar of Yredelemnul.
  3024 | D:3      | Reached skill level 4 in Spellcasting
  3205 | D:3      | Reached XP level 4. HP: 21/21 MP: 7/11
  3953 | D:3      | Noticed a kobold brigand
  4077 | D:3      | Killed a kobold brigand
  4078 | D:3      | Reached skill level 1 in Air Magic
  4078 | D:3      | Reached XP level 5. HP: 17/24 MP: 3/12
  4431 | D:4      | Noticed an ogre
  4467 | D:4      | Killed an ogre
  4468 | D:4      | Reached skill level 5 in Spellcasting
  4753 | D:4      | Reached XP level 6. HP: 28/28 MP: 10/15
  4881 | D:4      | Noticed Sigmund
  5138 | D:4      | Killed Sigmund
  5139 | D:4      | Reached skill level 6 in Spellcasting
  5342 | D:4      | Found a glowing silver altar of Zin.
  5454 | D:4      | Found an ancient bone altar of Kikubaaqudgha.
  5461 | D:4      | Found an ornate altar of the Wu Jian Council.
  5463 | D:4      | Found a hide-covered altar of Uskayaw.
  5466 | D:4      | Found a sparkling altar of Nemelex Xobeh.
  5925 | D:5      | Entered Level 5 of the Dungeon
  5976 | D:4      | Reached skill level 7 in Spellcasting
  5976 | D:4      | Reached skill level 5 in Poison Magic
  5976 | D:4      | Reached XP level 7. HP: 9/32 MP: 7/18
  5984 | D:4      | Learned a level 4 spell: Olgreb's Toxic Radiance
  6603 | D:5      | Reached skill level 8 in Spellcasting
  7127 | D:5      | Reached skill level 1 in Evocations
  7181 | D:5      | Found Ciukh's Jewellery Shoppe.
  7224 | D:5      | Reached XP level 8. HP: 36/36 MP: 15/21
  7800 | D:5      | Learned a level 3 spell: Mephitic Cloud
  7841 | D:6      | Reached skill level 9 in Spellcasting
  8743 | D:6      | Found a hazy altar of Hepliaklqana.
  8926 | D:6      | Found an opulent altar of Gozag.
  8930 | D:6      | Found a basalt altar of Yredelemnul.
  8934 | D:6      | Found a burning altar of Makhleb.
  9371 | D:7      | Reached skill level 10 in Spellcasting
  9538 | D:7      | Found a staircase to the Ecumenical Temple.
  9567 | Temple   | Entered the Ecumenical Temple
  9580 | Temple   | Became a worshipper of Vehumet
  9718 | D:7      | Reached skill level 5 in Transmutations
  9771 | D:7      | Noticed Prince Ribbit
  9820 | D:7      | Killed Prince Ribbit
  9821 | D:7      | Reached skill level 1 in Hexes
  9821 | D:7      | Reached XP level 9. HP: 39/39 MP: 18/24
 10035 | D:7      | Found a shimmering blue altar of Sif Muna.
 10035 | D:7      | Noticed Dowan
 10054 | D:7      | Killed Dowan
 10055 | D:7      | Reached skill level 11 in Spellcasting
 10067 | D:7      | Learned a level 3 spell: Tukima's Dance
 10098 | D:7      | Noticed Duvessa
 10148 | D:7      | Killed Duvessa
 10418 | D:7      | Noticed Maggie
 10467 | D:7      | Killed Maggie
 10923 | D:8      | Reached skill level 12 in Spellcasting
 11012 | D:8      | Found a staircase to the Lair.
 11089 | D:8      | Reached skill level 5 in Dodging
 11295 | D:8      | Noticed Harold
 11362 | D:8      | Killed Harold
 11363 | D:8      | Reached XP level 10. HP: 44/44 MP: 8/27
 11416 | D:8      | Reached * piety under Vehumet
 11416 | D:8      | Offered knowledge of Freeze by Vehumet.
 11424 | D:8      | Learned a level 1 spell: Freeze
 12155 | D:9      | Reached skill level 13 in Spellcasting
 12390 | Lair:1   | Entered Level 1 of the Lair of Beasts
 12390 | Lair:1   | Noticed Sonja
 12433 | D:8      | Killed Sonja
 12434 | D:8      | Reached skill level 1 in Conjurations
 12508 | Lair:1   | Noticed a cane toad
 12627 | Lair:1   | Killed a cane toad
 12845 | Lair:1   | Identified the +7 halberd of the Unseen Realm {antimagic,
                  | rC- rCorr Dex+2 Stlth+}
 13262 | Lair:1   | Noticed a cane toad
 13303 | Lair:1   | Killed a cane toad
 13626 | Lair:2   | Noticed a cane toad
 13630 | Lair:2   | Noticed a cane toad
 13710 | Lair:2   | Noticed a cane toad
 13766 | Lair:2   | Mangled by a cane toad

Illustrated notes

Levels and vault maps discovered:
D:1:      psy_arrival_whirlpool, layout_loops_ring,
          dreamdust_ecumenical_altar_hidden_monk_grotto, roderic_roman_lattice
D:2:      layout_basic, basic_altar, st_stairs_14, lemuel_flame_loot_1
D:3:      cheibrodos_thug_alley, layout_basic, kennysheep_nub
D:4:      cheibrodos_helix_gallery, layout_cave_pools, minitemple, zin_treasury,
          kennysheep_generic_room_11, uniq_sigmund
D:5:      layout_layer_cave, serial_shops, nicolae_shop_crystal
D:6:      layout_basic, grunt_temple_overflow_diamond, kb_lookout_dungeons_type,
          kennysheep_flooded_box, chequers_serial_rivers_small_3,
          minmay_strange_pillars, chequers_garden, chequers_mini_garden,
          lexackson_kobold_supper
D:7:      layout_basic, mainiacjoe_overflow_cross_hatched, temple_pool_b,
          uniq_prince_ribbit1, uniq_maggie, uniq_duvessa
D:8:      layout_gridville, david_lair_generic, minmay_liquid_box, uniq_harold
D:9:      layout_roguey, mainiacjoe_overflow_brackets, minmay_fire_ice_demons
Temple:   ebering_untended_altars
Lair:1:   layout_chaotic_city, uniq_sonja
Lair:2:   layout_cave_pods, guppyfry_snake_entry_garden,
          nicolae_volcano_entry_hallway, beast_lair_carwin_11

Skill      XL: |  1  2  3  4  5  6  7  8  9 10 |
---------------+-------------------------------+-----
Dodging        | 3 5 7 |  7.1
Spellcasting   | 3 4 5 7 8 10 12 13 | 13.5
Transmutations | 2 3 5 |  5.5
Air Magic      | 1 3 |  3.5
Poison Magic   | 4 5 6 7 8 |  8.7
Evocations     | 1 2 |  2.0
Hexes          | 1 3 |  3.7
Conjurations   | 2 |  2.3
Fighting       | |  0.2
Stealth        | |  3.0

Action                   |  1- 3 |  4- 6 |  7- 9 | 10-12 || total
-------------------------+-------+-------+-------+-------++-------
Melee: Unarmed           |     3 |     1 |       |       ||     4
 Cast: Sting             |    51 |    26 |   124 |    67 ||   268
       Poisonous Vapours |    44 |    66 |   100 |    30 ||   240
       Olgreb's Toxic Ra |       |       |     6 |     4 ||    10
       Mephitic Cloud    |       |       |     2 |     8 ||    10
       Tukima's Dance    |       |       |     1 |       ||     1
       Freeze            |       |       |       |    13 ||    13
Evoke: Wand              |       |       |    14 |    12 ||    26
  Use: Scroll            |       |     1 |     7 |     1 ||     9
       Potion            |       |       |     1 |     2 ||     3
Armor: Robe              |     2 |     1 |     7 |       ||    10
       Steam dragon scal |       |       |       |     9 ||     9
Dodge: Dodged            |    15 |    12 |    75 |    50 ||   152
